 Dungeon Crawl Stone Soup version 0.28.0-53-g5a82cb258f (webtiles) character file.

Game seed: 3563787423762948506

34 Sin92 the Skirmisher (level 3, -8/29 HPs)
             Began as a Demonspawn Fighter on June 23, 2022.
             Mangled by an ogre
             ... wielding a +0 giant club
              (27 damage)
             ... on level 2 of the Dungeon.
             The game lasted 00:01:22 (1498 turns).

Sin92 the Skirmisher (Demonspawn Fighter)           Turns: 1498, Time: 00:01:23

Health: -8/29      AC:  9    Str: 18    XL:     3   Next: 14%
Magic:  3/3        EV:  9    Int:  9    God:
Gold:   85         SH:  4    Dex: 12    Spells: 2/2 levels left

rFire   . . .      SeeInvis .   a - +0 war axe
rCold   . . .      Faith    .   c - +0 buckler
rNeg    . . .      Spirit   .   b - +0 scale mail
rPois   .          Reflect  .   j - +2 helmet
rElec   .          Harm     .   (no cloak)
rCorr   .          Rampage  .   (no gloves)
Will    .....                   (no boots)
Stlth   ..........              (no amulet)
HPRegen 0.09/turn               (no ring)
MPRegen 0.08/turn               (no ring)

@: no status effects
A: spiny 1
a: no special abilities


You were on level 2 of the Dungeon.
You visited 1 branch of the dungeon, and saw 2 of its levels.

You collected 85 gold pieces.

Inventory:

Hand Weapons
 a - a +0 war axe (weapon)
Missiles
 i - 6 boomerangs (quivered)
Armour
 b - a +0 scale mail (worn)
 c - a +0 buckler (worn)
 j - a +2 helmet (worn)
Wands
 m - a wand of charming (9)
Scrolls
 f - 3 scrolls of noise
 g - 2 scrolls of teleportation {unknown}
 h - 3 scrolls of identify {unknown}
 n - a scroll of immolation {unknown}
Potions
 d - a potion of might
 e - 2 potions of curing
 k - a potion of haste {unknown}
 l - 2 potions of brilliance {unknown}


   Skills:
 + Level 3.2 Fighting
 * Level 2.3 Axes
 + Level 2.9 Armour
 + Level 0.7 Dodging
 + Level 2.9 Shields


You had 2 spell levels left.
You didn't know any spells.
Your spell library was empty.

Dungeon Overview and Level Annotations

Branches:
Dungeon (2/15)

Altars:

Shops:
D:1 *


Innate Abilities, Weirdness & Mutations

You are partially covered in sharp spines.


Message History

Unknown command.
There are monsters nearby!
Found 11 gold pieces.
The worm is struck by your spines. The worm bites you.
A giant cockroach comes into view.
Unknown command.
There are monsters nearby!
You hit the worm but do no damage.
The worm is moderately wounded.
The worm barely misses you.
Unknown command.
There are monsters nearby!
You hit the worm but do no damage.
The worm is lightly wounded.
The worm is struck by your spines. The worm bites you.
Unknown command.
There are monsters nearby!
You slash the worm!
The worm is almost dead.
You barely miss the quokka. The quokka is struck by your spines.
The quokka bites you but does no damage.
You block the worm's attack.
Unknown command.
There are monsters nearby!
You hit the worm.
You kill the worm!
You hit the ogre. You barely miss the quokka.
The quokka bites you but does no damage.
The quokka twitches its whiskers.
The quokka is struck by your spines.
You kill the quokka!
The ogre is struck by your spines. The ogre hits you with a +0 giant club!
Ouch! That really hurt!
* * * LOW HITPOINT WARNING * * *
The giant cockroach bites you but does no damage.
There are monsters nearby!
It was a potion of curing.
You feel better.
The giant cockroach bites you but does no damage.
The ogre hits you with a +0 giant club!!
Ouch! That really hurt!
You die...

..$... ..... ## . ....
##.. .. ...## ... .$.
...###.# ....
#..##..####
.....#..O......###
......B@w.....<.. .
...............##..
.....)............# .#.#
.................## ...#
...?............... ...
..................# #..
................### #.#
.................# #.#
#.....#..........)###.##


You could see an ogre, a worm and a giant cockroach.

Vanquished Creatures
  A worm (D:2)
  2 endoplasms (D:1)
  A giant cockroach (D:2)
  3 goblins
  2 hobgoblins (D:1)
  2 kobolds (D:1)
  4 quokkas
  A ball python (D:2)
  4 bats
  A frilled lizard (D:2)
  8 rats
29 creatures vanquished.

Notes
Turn   | Place    | Note
-------+----------+-------------------------------------------
     0 | D:1      | Sin92 the Demonspawn Fighter began the quest for the Orb.
     0 | D:1      | Reached XP level 1. HP: 18/18 MP: 1/1
   286 | D:1      | Found Yttaog's Assorted Antiques.
   331 | D:1      | Found a faded altar of an unknown god.
   447 | D:1      | Gained mutation: You are partially covered in sharp spines.
                  | [demonic ancestry]
   447 | D:1      | Reached XP level 2. HP: 24/24 MP: 2/2
  1423 | D:2      | Reached XP level 3. HP: 26/29 MP: 3/3
  1492 | D:2      | Noticed an ogre
  1498 | D:2      | Mangled by an ogre

Illustrated notes

Levels and vault maps discovered:
D:1:      minmay_arrival_semitransparent, layout_loops_corners, serial_shops,
          shop, shapermc_ecumenical_altar_hornbeckon, minivault_19,
          minmay_fountain_box
D:2:      layout_rooms

Skill      XL: |  1 |
---------------+----+-----
Axes           | 2 |  2.3
Fighting       | |  3.2
Armour         | |  2.9
Dodging        | |  0.7
Shields        | |  2.9

Action                   || total
-------------------------++-------
Melee: War axe           ||    54
  Use: Scroll            ||     1
       Potion            ||     1
Armor: Scale mail        ||    33
Dodge: Dodged            ||    17
Block: Buckler           ||    16
